 Dungeon Crawl Stone Soup version 0.24.0-13-gcf9b3192b9 (webtiles) character file.

Game seed: 7760584375853825298, levelgen mode: deterministic

23683 Monsterracer the Carver (level 12, -1/76 HPs)
             Began as a Vampire Fire Elementalist on Nov 8, 2019.
             Was a Plaything of Xom.
             Slain by a naga warrior
             ... wielding a +0 halberd
              (18 damage)
             ... on level 4 of the Snake Pit.
             The game lasted 00:30:32 (13403 turns).

Monsterracer the Carver (VpFE)                     Turns: 13403, Time: 00:30:33

Health: -1/76      AC: 19    Str: 13    XL:     12   Next: 74%
Magic:  15/15      EV: 18    Int: 25    God:    Xom [...*..]
Gold:   613        SH:  6    Dex: 21    Spells: 4/15 levels left

rFire    + . .     SeeInvis +   a - +7 scimitar (freeze)
rCold    + + .     Gourm    .   j - +0 buckler
rNeg     + + +     Faith    .   w - +8 ring mail "Xuyzes" {rN+ Str+2 Int+4}
rPois    ∞         Spirit   .   F - +0 helmet {Int+3}
rElec    .         Reflect  .   c - +0 cloak
rCorr    .         Harm     .   y - +0 pair of gloves
MR       ++...                  l - +0 pair of boots
Stlth    ++++......             (no amulet)
HPRegen  0.00/turn              u - +2 ring of dexterity
MPRegen  0.14/turn              A - ring of Kosemew {rF+ MR+ Dex+4}

@: about to teleport, bloodless, regenerating quickly, hasted, very quick
A: no food, fangs 3, see invisible, unbreathing
a: Bat Form, Revivify, Renounce Religion


You were on level 4 of the Snake Pit.
You worshipped Xom.
You were a favourite toy of Xom.
You were bloodless.

You visited 3 branches of the dungeon, and saw 19 of its levels.
You also visited: Sewer.

You collected 613 gold pieces.

Inventory:

Hand Weapons
 a - a +7 scimitar of freezing (weapon)
   (You took it off a wight on level 5 of the Dungeon)
 b - a +4 dagger of chaos
   (You took it off Psyche on level 8 of the Dungeon)
Missiles
 E - 2 throwing nets (quivered) {!f}
Armour
 c - a +0 cloak (worn)
   (You took it off Crazy Yiuf on level 2 of the Dungeon)
 j - a +0 buckler (worn)
   (You found it on level 4 of the Dungeon)
 l - a +0 pair of boots (worn)
   (You found it on level 4 of the Dungeon)
 v - the +6 chain mail of Cudunkad {rPois rC++ rCorr Int+2}
   (You found it on level 7 of the Dungeon)

   It affects your intelligence (+2).
   It greatly protects you from cold.
   It protects you from poison.
   It provides partial protection from all sources of acid and corrosion.
 w - the +8 ring mail "Xuyzes" (worn) {rN+ Str+2 Int+4}
   (You found it on level 7 of the Dungeon)

   It affects your strength (+2).
   It affects your intelligence (+4).
   It protects you from negative energy.
 y - a +0 pair of gloves (worn)
   (You found it on level 9 of the Dungeon)
 F - a +0 helmet of intelligence (worn)
   (You found it on level 1 of the Snake Pit)
Jewellery
 s - an uncursed ring of fire
   (You found it on level 6 of the Dungeon)
 u - a +2 ring of dexterity (left hand)
   (You found it on level 3 of the Dungeon)
 A - the ring of Kosemew (right hand) {rF+ MR+ Dex+4}
   (You took it off a centaur on level 9 of the Dungeon)

   [ring of protection from fire]

   It affects your dexterity (+4).
   It protects you from fire.
   It affects your resistance to hostile enchantments.
Wands
 i - a wand of iceblast (3)
   (You found it on level 3 of the Dungeon)
 p - a wand of clouds (5)
   (You found it on level 3 of the Lair of Beasts)
Scrolls
 f - 5 scrolls of identify
 k - 5 scrolls of fear {!r}
 m - a scroll of magic mapping
 o - 2 scrolls of amnesia
 r - 3 scrolls of remove curse
Potions
 d - a potion of heal wounds
 e - 2 potions of curing
 g - a potion of cancellation
 h - a potion of haste
 n - 5 potions of flight
 x - a potion of invisibility
 z - 2 potions of brilliance
 B - 2 potions of magic
 C - 2 potions of lignification
 D - 4 potions of agility
 G - a potion of ambrosia {!q}


   Skills:
 + Level 9.3 Fighting
 - Level 2.2(9.3) Short Blades
 * Level 12.6 Long Blades
   Level 4.7 Staves
 + Level 6.2 Armour
 + Level 9.3 Dodging
 - Level 3.0 Stealth
 - Level 4.0 Shields
 - Level 2.0 Spellcasting
 - Level 3.3 Conjurations
 - Level 2.4 Fire Magic


You had 4 spell levels left.
You knew the following spells:

 Your Spells              Type           Power        Failure   Level  Hunger
a - Flame Tongue          Conj/Fire      ###..        7%          1    N/A
b - Conjure Flame         Conj/Fire      ###.....     21%         3    N/A
c - Sticky Flame          Conj/Fire      ###.....     54%         4    N/A
u - Swiftness             Chrm/Air       #.......     32%         2    N/A
z - Apportation           Tloc           #.....       22%         1    N/A

Your spell library contained the following spells:

 Spells                   Type           Power        Failure   Level  Hunger
 Throw Flame              Conj/Fire      ###...       10%         2    N/A
 Shock                    Conj/Air       ##..         11%         1    N/A
 Animate Skeleton         Necr           N/A          22%         1    N/A
 Beastly Appendage        Tmut           #.....       22%         1    N/A
 Confusing Touch          Hex            #.....       22%         1    N/A
 Summon Small Mammal      Summ           #...         22%         1    N/A
 Call Imp                 Summ           #.......     32%         2    N/A
 Sticks to Snakes         Tmut           #.......     32%         2    N/A
 Static Discharge         Conj/Air       ##......     32%         3    N/A
 Inner Flame              Hex/Fire       #.......     36%         3    N/A
 Call Canine Familiar     Summ           #.......     54%         3    N/A
 Spider Form              Tmut/Pois      #.........   54%         3    N/A
 Summon Guardian Golem    Hex/Summ       #.......     54%         3    N/A
 Airstrike                Air            #.........   91%         4    N/A
 Ice Form                 Ice/Tmut       #.......     91%         4    N/A
 Summon Ice Beast         Ice/Summ       #.......     91%         4    N/A
 Summon Lightning Spire   Summ/Air       #.......     91%         4    N/A
 Fireball                 Conj/Fire      ###.......   88%         5    N/A
 Lightning Bolt           Conj/Air       ##........   97%         5    N/A
 Blade Hands              Tmut           #.........   99%         5    N/A

Dungeon Overview and Level Annotations

Branches:
Dungeon (11/15)            Temple (0/1) D:6            Lair (4/6) D:11
  Snake (4/4) Lair:3        Sewer (visited)
  Swamp: Lair:2-4    Shoals: Lair:2-4       Orc: D:9-12

Altars:
Fedhas
Kikubaaqudgha
Xom
Beogh

Annotations:
D:8 3 runed translucent doors, GordonOverkill's ghost, novice DDFi; OleJ's ghost, novice FeMo
D:9 Grum; Pikel
D:10 3 runed translucent doors, sking99's ghost, novice TrMo
Lair:3 exclusion: hydra
Snake:2 Aizul


Innate Abilities, Weirdness & Mutations

You do not eat.
You do not regenerate when monsters are visible.
You are frail without blood (-20% HP).
You can heal yourself when you bite living creatures.
You are immune to poison.
You have razor-sharp teeth.
You have supernaturally acute eyesight. (SInv)
You can survive without breathing.


Message History

The naga warrior shouts!
The naga hits you but does no damage.
A naga sharpshooter comes into view. It is wielding a +0 long sword.
Found a ration and a rapier.
Found a stone staircase leading up.
The salamander misses you. The naga barely misses you.
The naga closely misses you.
The salamander mystic hits you with a +0 quarterstaff.
You are engulfed in flames!
You resist.
Really read
t - 2 scrolls of teleportation {!r}?
As you read the scroll of teleportation {!r}, it crumbles to dust.
You feel strangely unstable. The salamander closely misses you.
The naga spits poison at you. You block the splash of poison.
The naga barely misses you. The naga grabs you. The naga constricts you.
The salamander mystic hits you but does no damage.
You escape the naga's grasp.
Xom grants you some temporary aid.
You swap places.
The naga sharpshooter unwields a +0 long sword.
The naga sharpshooter wields a +0 shortbow.
The naga sharpshooter mumbles some strange words.
The naga sharpshooter magically shoots an arrow.
The arrow hits you!
Your shadow imp hits the salamander mystic.
Your crimson imp blinks!
You see here 2 arrows.
Xom rains down devastation!
The fireball engulfs the naga!
The fireball engulfs the naga warrior but does no damage.
The fireball engulfs the naga sharpshooter.
You hear a shout!
The salamander mystic hits your shadow imp with a +0 quarterstaff!
Your shadow imp dies!
The naga sharpshooter gestures wildly while chanting.
The naga sharpshooter magically shoots an arrow.
The arrow hits you.
The salamander hits your shadow imp with a +0 spear!
Your shadow imp dies!
You see here 2 arrows.
Your surroundings suddenly seem different.
Xom thinks this is hilarious!
A naga warrior comes into view. It is wielding a +0 halberd.
The naga warrior shouts!
A naga warrior comes into view.
It is wielding a +1 halberd of protection.
The naga warrior shouts!
A naga comes into view. It is wielding a +0 halberd.
The naga shouts!
A naga comes into view. It is wielding a +0 scimitar.
The naga shouts!
You feel yourself speed up.
You hear a shout! x2
Okay, then.
Keep bloodletting?
You begin bloodletting.
You continue bloodletting. x3
The naga warrior hits you from afar with a +1 halberd of protection.
You continue bloodletting.
The naga warrior hits you from afar with a +1 halberd of protection.
* * * LOW HITPOINT WARNING * * *
You continue bloodletting.
Now bloodless.
Unknown command.
Unknown command.
Unknown command.
The naga warrior misses you.
A naga comes into view. It is wielding a +0 mace.
Unknown command.
Really read
t - a scroll of teleportation {!r}?
As you read the scroll of teleportation {!r}, it crumbles to dust.
You feel strangely unstable. The shock serpent bites you.
* * * LOW HITPOINT WARNING * * *
The shock serpent shocks you!
* * * LOW HITPOINT WARNING * * *
The naga warrior spits poison at you. The splash of poison misses you.
Unknown command.
Unknown command.
Okay, then.
You feel much better.
The naga warrior hits you from afar with a +0 halberd!
* * * LOW HITPOINT WARNING * * *
The shock serpent completely misses you.
You riposte.
You slash the shock serpent! You freeze the shock serpent.
The shock serpent is heavily wounded.
The shock serpent's electric aura discharges, shocking you!
* * * LOW HITPOINT WARNING * * *
The naga closely misses you. The naga warrior completely misses you.
The naga warrior grabs you.
* * * LOW HITPOINT WARNING * * *
The naga warrior constricts you.
You escape the naga warrior's grasp.
Unknown command.
Unknown command.
A naga and a naga mage come into view.
The naga is wielding a +0 war axe of freezing.
Xom's power touches on a nearby monster.
The naga seems to slow down.
The naga warrior hits you from afar with a +0 halberd!!
You die...
Xom cackles wildly!

***,**,*,,,,,,#.,,,*
,,***,,*,,,,,,#.*,**
,,,,,,,*,,,,,,#.####
,,,,,,,**##+###....#
,,,,,,,,,......N...#
,,,,,,,,,.........##
,,,,,,,,,.....NNS.#
*****+***##.......#
*,,,,,,,,,#...N.@.#
*,,,,,,,,*#.......#*
*,,,,,,,,#.........#
*,,,,,,,,##.N......#
*,,,,,,,,,#........#
*,,,,,,,,*#........#
***+*****#.........#
,,,,,,,,*###.NN....#
,,,,,,***,,*,,,,*,**


You could see 2 naga warriors, a shock serpent, a naga mage (wandering) and 4
nagas.

Vanquished Creatures
  An anaconda (Snake:2)
  A hydra (Lair:2)
  A two-headed ogre (D:8)
  An unseen horror (D:10)
  2 cyclopes (D:8 D:11)
  6 black mambas (Lair:2 Snake:1 Snake:2 Snake:4)
  Joseph (D:7)
  Psyche (D:8)
  2 spiny frogs (Lair:1 Lair:3)
  A naga mage (Snake:1)
  3 rime drakes (Lair:1 Lair:2)
  A komodo dragon (Lair:2)
  2 trolls (D:9)
  A hornet (shapeshifter) (D:10)
  Grinder (D:4)
  2 hornets (D:8 D:10)
  13 blink frogs (Lair:1 Lair:3 Lair:2)
  3 hippogriffs (D:9 D:10)
  A redback (D:10)
  A shadow (D:9)
  2 basilisks (D:11 Lair:1)
  3 wraiths (D:10)
  A wyvern (D:8)
  15 yaks (D:10 Lair:1 Lair:2)
  2 hungry ghosts (D:11 D:10)
  4 nagas (Lair:3)
  Menkaure (D:4)
  6 water moccasins (Lair:1 Lair:3)
  9 porcupines (Lair:3 Lair:4 Lair:2)
  2 orc warriors (D:10 D:11)
  A black bear (D:6)
  4 ogres (D:4 D:7 D:9)
  A phantom (D:5)
  2 ice beasts (D:10)
  2 necrophages (D:9 D:11)
  3 wolves (D:8)
  2 crocodiles (D:11 Lair:1)
  3 centaurs (D:6 D:8 D:9)
  3 big kobolds (D:8 D:9 D:10)
  11 bullfrogs (D:6 D:9 D:10 D:11 Lair:3)
  A wyvern zombie (D:10)
  A wyvern skeleton (D:9)
  A scorpion (D:6)
  3 wights (D:5)
  5 howler monkeys (D:5 D:6 D:11)
  3 crimson imps (D:6 D:9)
  2 quasits (D:6 D:10)
  A bullfrog zombie (D:6)
  Crazy Yiuf (D:2)
  5 orc priests (D:3 D:6 D:8)
  6 hounds (D:7 D:8 D:9 D:10)
  3 jellies (D:8 D:9 D:11)
  16 orc wizards (D:3 D:4 D:6 D:8 D:10)
  Ijyb (D:4)
  Natasha (thrice) (D:3)
  2 centaur skeletons (D:7 D:10)
  An iguana (D:8)
  7 worker ants (D:5 D:4 D:6 D:7 D:8)
  A killer bee zombie (D:8)
  3 worker ant zombies (D:5 D:9 D:10)
  2 howler monkey zombies (D:5 D:7)
  4 gnolls (D:6 D:8)
  15 adders (D:2 D:3 D:6 D:5 D:4)
  2 shadow imps (D:7 D:11)
  2 oozes (D:1 Sewer)
  2 adder skeletons (D:7 D:8)
  An adder zombie (D:9)
  2 worms (D:3 D:4)
  3 dart slugs (D:1 D:2)
  12 leopard geckos (D:1 D:2 D:5 Sewer D:6)
  47 orcs (D:3 D:4 D:5 D:6 D:7)
  18 bats (D:1 D:2 D:3 Sewer)
  6 giant cockroaches (D:2 D:5)
  9 goblins (D:1 D:2 D:3)
  5 hobgoblins (D:1 D:3)
  24 jackals (D:1 Sewer D:4 D:9 D:10)
  17 kobolds (D:1 D:2 D:3 D:8 D:9)
  A quokka (D:3)
  5 ball pythons (D:5 Sewer D:6)
  8 frilled lizards (D:1 D:2 D:3 Sewer)
  A jackal skeleton (D:5)
  A jackal zombie (D:5)
  A quokka zombie (D:9)
  11 rats (D:1 D:2 D:3 D:5)
387 creatures vanquished.

Vanquished Creatures (collateral kills)
  2 two-headed ogres (D:8)
  A naga mage (Snake:1)
  An orc warrior (D:6)
  2 slaves (D:8)
  A big kobold (D:9)
  An orc (D:6)
  A giant cockroach (D:3)
  3 kobolds (D:9 D:10)
12 creatures vanquished.

Vanquished Creatures (others)
  A yak (D:11)
  An orc (D:11)
  A plant (Lair:2)
  5 withered plants (D:8)
8 creatures vanquished.

Grand Total: 407 creatures vanquished

Notes
Turn   | Place    | Note
-------+----------+-------------------------------------------
     0 | D:1      | Monsterracer the Vampire Fire Elementalist began the quest
                  | for the Orb.
     0 | D:1      | Reached XP level 1. HP: 13/13 MP: 3/3
    17 | D:1      | HP: 5/13 [goblin/+0 dagger of speed (6)]
    23 | D:1      | Reached skill level 1 in Fighting
   123 | D:1      | Reached XP level 2. HP: 21/21 MP: 5/5
   490 | D:1      | Reached skill level 1 in Short Blades
   683 | D:1      | Reached XP level 3. HP: 25/27 MP: 6/6
  1169 | D:2      | Learned a level 3 spell: Conjure Flame
  1281 | D:2      | Found a shimmering altar of Xom.
  1281 | D:2      | Found a shimmering altar of Xom.
  1281 | D:2      | Found a shimmering altar of Xom.
  1282 | D:2      | Found a shimmering altar of Xom.
  1283 | D:2      | Found a shimmering altar of Xom.
  1284 | D:2      | Found a shimmering altar of Xom.
  1290 | D:2      | Became a worshipper of Xom of Chaos
  1293 | D:2      | Reached XP level 4. HP: 34/34 MP: 3/7
  1310 | D:2      | Reached skill level 1 in Conjurations
  1618 | D:2      | XOM: divination: magic mapping
  1821 | D:2      | Found a runed translucent door.
  1822 | D:2      | Noticed Crazy Yiuf
  2000 | D:2      | HP: 14/34 [Crazy Yiuf/+2 quarterstaff of chaos (8)]
  2012 | D:2      | Killed Crazy Yiuf
  2044 | D:2      | XOM: smoke on damage
  2150 | D:3      | Reached XP level 5. HP: 41/41 MP: 8/8
  2159 | D:3      | Learned a level 4 spell: Sticky Flame
  2379 | D:3      | Noticed Natasha
  2384 | D:3      | Killed Natasha
  2384 | D:3      | Reached skill level 1 in Staves
  2536 | D:3      | Noticed Natasha
  2536 | D:3      | XOM: noise
  2549 | D:3      | Killed Natasha
  2562 | D:3      | XOM: cloud trail
  2649 | D:3      | Noticed Natasha
  2655 | D:3      | Killed Natasha
  2762 | D:3      | Reached XP level 6. HP: 48/48 MP: 6/9
  3083 | D:4      | XOM: enchant monster (good)
  3250 | D:4      | You fall into a shaft and drop 1 floor!
  3250 | D:5      | Entered Level 5 of the Dungeon
  3300 | D:5      | XOM: confuse monster(s)
  3321 | D:5      | XOM: enchant monster (good)
  3339 | D:5      | HP: 20/48 [iguana (11)]
  3342 | D:5      | XOM: harmless Tmut miscast
  3357 | D:5      | XOM: polymorph iguana -> adder
  3362 | D:6      | Found a runed translucent door.
  3363 | D:6      | HP: 19/48 [adder (1)]
  3502 | D:5      | Found a blossoming altar of Fedhas.
  3746 | D:5      | Found a glowing drain.
  3766 | Sewer    | Entered a sewer
  4147 | D:5      | Reached XP level 7. HP: 41/54 MP: 7/10
  4190 | D:4      | Noticed Ijyb
  4268 | D:4      | Found an ancient bone altar of Kikubaaqudgha.
  4356 | D:4      | Noticed Grinder
  4357 | D:4      | Noticed Menkaure
  4372 | D:4      | XOM: blink monster(s)
  4373 | D:4      | Killed Menkaure
  4376 | D:4      | XOM: 2-stop teleportation journey
  4433 | D:4      | Killed Grinder
  4433 | D:4      | Reached XP level 8. HP: 61/61 MP: 5/11
  4463 | D:4      | XOM: god gift: 5 rations
  4976 | D:4      | Killed Ijyb
  5166 | D:5      | HP: 30/61 [wight/+3 scimitar of freezing (3)]
  5167 | D:5      | HP: 14/61 [wight/+3 scimitar of freezing (5)]
  5181 | D:5      | HP: 16/61 [wight/cursed +2 hand axe (2)]
  5186 | D:5      | HP: 9/61 [wight/+3 scimitar of freezing (9)]
  5186 | D:5      | HP: 3/61 [wight/+3 scimitar of freezing (4)]
  5206 | D:5      | XOM: summons friendly quasit
  5223 | D:5      | Reached skill level 5 in Fighting
  5652 | D:6      | Reached skill level 1 in Long Blades
  5797 | D:6      | XOM: harmless Chrm miscast
  5866 | D:6      | Reached skill level 2 in Long Blades
  6015 | D:6      | Reached skill level 3 in Long Blades
  6126 | D:6      | Found a staircase to the Ecumenical Temple.
  6162 | D:6      | Reached skill level 4 in Long Blades
  6245 | D:6      | XOM: divination: detect items
  6248 | D:6      | Reached skill level 1 in Shields
  6358 | D:6      | Reached XP level 9. HP: 66/68 MP: 12/12
  6381 | D:6      | Reached skill level 5 in Long Blades
  6633 | D:6      | XOM: potion effect (brilliance)
  6636 | D:6      | XOM: potion effect (heal wounds)
  6714 | D:6      | XOM: confuse monster(s)
  6892 | D:6      | Found a roughly hewn altar of Beogh.
  7055 | D:7      | Got an obsidian-encrusted chain mail
  7077 | D:7      | Noticed Joseph
  7085 | D:7      | XOM: cast spell 'Leda's Liquefaction'
  7097 | D:7      | XOM: scenery: 2 doors open
  7099 | D:7      | HP: 33/68 [Joseph/+0 quarterstaff (14)]
  7106 | D:7      | Killed Joseph
  7106 | D:7      | Reached skill level 6 in Long Blades
  7219 | D:7      | Got a fine ring mail
  7462 | D:8      | Noticed Psyche
  7471 | D:8      | Paralysed by a hornet for 1 turns
  7472 | D:8      | HP: 22/69 [hornet (14)]
  7477 | D:8      | Killed Psyche
  7477 | D:8      | HP: 32/69 [poisoned by a hornet]
  7479 | D:8      | Reached skill level 7 in Long Blades
  7482 | D:8      | HP: 22/69 [poisoned by a hornet]
  7488 | D:8      | HP: 19/69 [poisoned by a hornet]
  7493 | D:8      | HP: 18/69 [poisoned by a hornet]
  7498 | D:8      | HP: 18/69 [poisoned by a hornet]
  7505 | D:8      | HP: 19/69 [poisoned by a hornet]
  7511 | D:8      | XOM: harmless Conj miscast
  7513 | D:8      | HP: 21/69 [poisoned by a hornet]
  7696 | D:8      | Identified the +8 ring mail "Xuyzes" {rN+ Str+2 Int+4} (You
                  | found it on level 7 of the Dungeon)
  7708 | D:8      | Identified the +6 chain mail of Cudunkad {rPois rC++ rCorr
                  | Int+2} (You found it on level 7 of the Dungeon)
  7783 | D:8      | HP: 33/69 [big kobold/+1 whip of electrocution (15)]
  7791 | D:8      | Learned a level 1 spell: Apportation
  7794 | D:8      | Learned a level 2 spell: Swiftness
  8000 | D:8      | XOM: cast spell 'Leda's Liquefaction'
  8168 | D:8      | XOM: medium Tmut miscast
  8203 | D:8      | XOM: mild Conj miscast
  8251 | D:8      | Reached skill level 1 in Armour
  8271 | D:8      | XOM: god gift: 22 gold pieces
  8312 | D:8      | Noticed a two-headed ogre
  8323 | D:8      | Killed a two-headed ogre
  8323 | D:8      | Reached skill level 8 in Long Blades
  8323 | D:8      | Reached XP level 10. HP: 48/77 MP: 13/13
  8460 | D:8      | Found a runed translucent gate.
  8460 | D:8      | Found a runed translucent gate.
  8461 | D:8      | Found a runed translucent gate.
  8464 | D:8      | Noticed GordonOverkill's ghost (novice DDFi)
  8464 | D:8      | Noticed OleJ's ghost (novice FeMo)
  8600 | D:9      | Reached skill level 5 in Dodging
  8763 | D:9      | Noticed a cyclops
  8763 | D:9      | XOM: summons friendly shadow imp
  8765 | D:9      | Noticed a two-headed ogre
  8770 | D:9      | XOM: repel stairs
  8772 | D:9      | XOM: summons 10 friendly demons
  8772 | D:9      | Identified the ring of Kosemew {rF+ MR+ Dex+4}
  8772 | D:9      | HP: 35/77 [cyclops/large rock (39)]
  8776 | D:9      | Noticed Pikel
  8780 | D:9      | HP: 25/77 [slave[Pikel] (1)]
  8782 | D:9      | Noticed Grum
  8928 | D:9      | Noticed a two-headed ogre
  8942 | D:8      | Killed a cyclops
  9012 | D:9      | Noticed a two-headed ogre
  9028 | D:8      | XOM: draining
  9031 | D:8      | XOM: swap monsters
  9040 | D:8      | XOM: enchant monster (bad)
  9044 | D:8      | XOM: summons 4 hostile demons
  9048 | D:8      | HP: 35/77 [white imp/puff of frost[Xom] (9)]
  9056 | D:8      | HP: 28/77 [two-headed ogre/+0 giant club (11)]
  9059 | D:8      | XOM: summons friendly quasit
  9061 | D:8      | Killed a two-headed ogre
  9061 | D:8      | Reached skill level 9 in Long Blades
  9207 | D:9      | XOM: harmless Ice miscast
  9209 | D:8      | HP: 25/79 [two-headed ogre/+0 giant club (21)]
  9209 | D:8      | XOM: butterfly on damage
  9210 | D:8      | Killed a two-headed ogre
  9234 | D:8      | XOM: medium Necr miscast
  9239 | D:9      | HP: 31/79 [adder zombie (1)]
  9246 | D:9      | HP: 17/79 [slave[Pikel] (7)]
  9247 | D:9      | HP: 5/79 [rime drake (shapeshifter)/flash freeze (5)]
  9431 | D:9      | XOM: summons 1 hostile shadow creature
  9438 | D:9      | HP: 35/79 [troll (12)]
  9440 | D:9      | HP: 16/79 [troll (12)]
  9457 | D:9      | HP: 12/79 [shadow (7)]
  9466 | D:9      | HP: 5/79 [shadow (10)]
  9491 | D:9      | HP: 6/79 [rime drake (shapeshifter)/flash freeze (9)]
  9511 | D:9      | HP: 23/79 [hound (4)]
  9513 | D:9      | XOM: stat loss: -1 Dex (20/21)
  9522 | D:9      | XOM: swap monsters
  9611 | D:9      | XOM: destruction
  9628 | D:9      | XOM: noise
  9629 | D:10     | Entered Level 10 of the Dungeon
  9690 | D:10     | Noticed an unseen horror
  9690 | D:10     | XOM: harmless Pois miscast
  9702 | D:10     | Reached XP level 11. HP: 73/84 MP: 14/14
  9706 | D:10     | XOM: summons 5 friendly demons
  9719 | D:10     | XOM: confuse monster(s)
  9725 | D:10     | Killed an unseen horror
  9787 | D:10     | Found a runed translucent gate.
  9787 | D:10     | Found a runed translucent gate.
  9787 | D:10     | Found a runed translucent gate.
  9788 | D:10     | Noticed sking99's ghost (novice TrMo)
  9943 | D:10     | XOM: summons 2 friendly demons
  9958 | D:10     | XOM: chaos upgrade
 10005 | D:10     | Reached skill level 10 in Long Blades
 10014 | D:10     | XOM: blink monster(s)
 10191 | D:10     | XOM: divination: detect items
 10440 | D:11     | Found a staircase to the Lair.
 10442 | D:11     | XOM: harmless Ice miscast
 10450 | D:11     | XOM: destruction
 10453 | D:11     | Noticed Josephine
 10453 | D:11     | XOM: noise
 10462 | D:10     | HP: 36/85 [wraith[Josephine] (8)]
 10465 | D:10     | XOM: enchant monster (bad)
 10468 | D:10     | HP: 35/85 [wraith[Josephine] (5)]
 10469 | D:10     | XOM: cast spell 'Summon Small Mammal'
 10475 | D:10     | XOM: confusion (+ monsters)
 10487 | D:10     | HP: 36/85 [wraith[Josephine] (5)]
 10621 | D:10     | Noticed Josephine
 10621 | D:10     | Josephine changed into Josephine the redback
 10621 | D:10     | XOM: polymorph Josephine -> Josephine the redback
 10626 | D:10     | Killed Josephine the redback
 10645 | D:10     | HP: 42/85 [poisoned by Josephine]
 10650 | D:10     | HP: 41/85 [poisoned by Josephine]
 10655 | D:10     | HP: 42/85 [poisoned by Josephine]
 10907 | Lair:1   | Entered Level 1 of the Lair of Beasts
 11022 | Lair:1   | XOM is BORED!
 11022 | Lair:1   | XOM: 1-stop teleportation journey
 11054 | Lair:1   | XOM: fog
 11056 | Lair:1   | Reached skill level 11 in Long Blades
 11066 | Lair:1   | XOM: blink monster(s)
 11074 | Lair:1   | XOM: summons 4 friendly demons
 11091 | Lair:1   | XOM: enchant monster (bad)
 11097 | Lair:1   | XOM: scenery: create altars
 11102 | Lair:1   | XOM: swap monsters
 11108 | Lair:1   | Reached skill level 5 in Armour
 11268 | Lair:3   | Reached XP level 12. HP: 93/93 MP: 15/15
 11635 | Lair:2   | HP: 44/93 [rime drake/flash freeze (21)]
 11776 | Lair:2   | XOM: potion effect (agility)
 11835 | Lair:2   | Noticed a six-headed hydra
 11846 | Lair:2   | XOM: harmless Necr miscast
 11853 | Lair:2   | HP: 43/93 [16-headed hydra (5)]
 11854 | Lair:2   | Killed a 17-headed hydra
 11995 | Lair:2   | XOM: noise
 12006 | Lair:2   | XOM: 5-stop teleportation journey
 12027 | Lair:2   | XOM: confuse monster(s)
 12033 | Lair:2   | XOM: destruction
 12038 | Lair:2   | Reached skill level 12 in Long Blades
 12051 | Lair:2   | XOM: divination: magic mapping
 12111 | Lair:2   | XOM: cast spell 'Metabolic Englaciation'
 12408 | Lair:3   | Noticed a six-headed hydra
 12460 | Lair:3   | XOM is BORED!
 12460 | Lair:3   | XOM: medium Conj miscast
 12486 | Lair:3   | XOM: fog
 12516 | Lair:3   | Found a staircase to the Snake Pit.
 12518 | Lair:3   | XOM: summons 2 friendly demons
 12596 | Lair:3   | XOM: medium Tloc miscast
 12639 | Snake:1  | Entered Level 1 of the Snake Pit
 12687 | Snake:1  | HP: 45/94 [poisoned by a naga mage (bolt of poison)]
 12692 | Snake:1  | HP: 43/94 [poisoned by a naga mage (bolt of poison)]
 12698 | Snake:1  | HP: 42/94 [poisoned by a naga mage (bolt of poison)]
 12703 | Snake:1  | HP: 42/94 [poisoned by a naga mage (bolt of poison)]
 12710 | Snake:1  | HP: 43/94 [poisoned by a naga mage (bolt of poison)]
 12718 | Snake:1  | HP: 45/94 [poisoned by a naga mage (bolt of poison)]
 12837 | Snake:1  | XOM: god gift: wand of enslavement (6)
 12901 | Snake:1  | Identified a scroll of acquirement
 12978 | Snake:1  | XOM: blink monster(s)
 12982 | Snake:1  | HP: 43/94 [shock serpent (13)]
 12984 | Snake:1  | HP: 21/94 [shock serpent (10)]
 12984 | Snake:1  | HP: 4/94 [shock serpent (14)]
 13186 | Snake:2  | Noticed Aizul
 13244 | Snake:1  | You fall into a shaft and drop 1 floor!
 13244 | Snake:2  | Noticed an anaconda
 13256 | Snake:2  | Killed an anaconda
 13345 | Snake:2  | Noticed an anaconda
 13345 | Snake:2  | XOM: blink monster(s)
 13356 | Snake:4  | Entered Level 4 of the Snake Pit
 13380 | Snake:4  | XOM: summons friendly white imp
 13381 | Snake:4  | XOM: 5-stop teleportation journey
 13384 | Snake:4  | Noticed a naga warrior
 13387 | Snake:4  | XOM: summons 3 friendly demons
 13389 | Snake:4  | XOM: destruction
 13390 | Snake:4  | Noticed a naga warrior
 13390 | Snake:4  | Noticed a naga warrior
 13396 | Snake:4  | HP: 47/95 [naga warrior/+1 halberd of protection (6)]
 13400 | Snake:4  | HP: 22/76 [shock serpent (11)]
 13403 | Snake:4  | XOM: enchant monster (good)
 13403 | Snake:4  | Slain by a naga warrior

Levels and vault maps discovered:
D:1:      dpeg_arrival_rooms_a, layout_basic, kennysheep_boxes
D:2:      layout_loops_ring, minmay_misc_feat_cross,
          chequers_serial_rivers_micro_e, xom_redecorated,
          uniq_crazy_yiuf_cottage
D:3:      layout_loops_ring, uniq_natasha
D:4:      layout_cave_pods, kiku_gazebo_pond_becter, minmay_misc_feat_rows,
          nicolae_zen_rock_garden, uniq_menkaure, uniq_ijyb, uniq_grinder
D:5:      layout_basic, portal_sewer_entry_e, first_ration, fedhas_altar_1
D:6:      layout_loops_ring, minmay_temple_entry_antechambers,
          lightli_church_of_beogh
D:7:      layout_basic, uniq_joseph
D:8:      layout_rooms, gammafunk_ghost_cemetery, uniq_psyche
D:9:      minmay_the_grid_octo_2x2 [minmay_the_grid_octo_thin_diamonds,
          minmay_the_grid_octo_toaster, minmay_the_grid_octo_empty,
          minmay_the_grid_octo_prize_ultimate_mussel_roller], layout_rooms,
          basic_altar, uniq_grum, uniq_pikel
D:10:     layout_loops_cross, gammafunk_ghost_spectres
D:11:     layout_rooms, david_lair_generic, serial_shops, shop,
          bh_hangedman_babel_library, uniq_josephine
Lair:1:   layout_loops_ring, wad_woods_river_03, minmay_lair_oklob_chamber,
          grunt_megastairs_5
Lair:2:   layout_misc_corridors, chequers_serial_rivers_room_a
Lair:3:   layout_cave_pods, guppyfry_snake_entry_island
Lair:4:   mu_elephants_graveyard, layout_small_grid, elwin_shoals_entry_rooms
Snake:1:  layout_chambers, nicolae_snake_double_loop
Snake:2:  layout_chambers, uniq_aizul
Snake:3:  layout_rooms
Snake:4:  snake_pit_salamanders_mu, layout_cave_town

Skill      XL: |  1  2  3  4  5  6  7  8  9 10 11 12 |
---------------+-------------------------------------+-----
Fighting       | 1 2 3 4 5 6 7 8 9 |  9.3
Short Blades   | 1 2 |  2.2
Conjurations   | 1 2 3 |  3.3
Staves         | 1 3 4 |  4.7
Dodging        | 3 4 6 8 9 |  9.3
Long Blades    | 4 8 9 11 12 | 12.6
Shields        | 2 4 |  4.0
Armour         | 1 3 5 6 |  6.2
Stealth        | |  3.0
Spellcasting   | |  2.0
Fire Magic     | |  2.4

Action                   |  1- 3 |  4- 6 |  7- 9 | 10-12 || total
-------------------------+-------+-------+-------+-------++-------
Melee: Unarmed           |    13 |       |       |       ||    13
       Dagger            |   165 |    38 |       |       ||   203
       Bite              |    12 |    12 |    42 |    95 ||   161
       Quarterstaff      |       |   161 |    59 |       ||   220
       Scimitar          |       |       |   262 |   647 ||   909
 Cast: Flame Tongue      |    13 |    38 |    20 |       ||    71
       Sticky Flame      |       |       |     1 |       ||     1
       Conjure Flame     |       |       |     2 |     1 ||     3
 Abil: Exsanguinate      |       |       |       |     2 ||     2
       Revivify          |       |       |       |     1 ||     1
Evoke: Wand              |       |       |     4 |     6 ||    10
  Use: Potion            |       |     1 |     4 |     6 ||    11
       Scroll            |       |     9 |     7 |    15 ||    31
 Stab: Sleeping          |     2 |     6 |     6 |     3 ||    17
       Confused          |       |     2 |       |     8 ||    10
       Distracted        |       |       |     1 |     1 ||     2
Armor: Robe              |    51 |    74 |     8 |       ||   133
       Ring mail         |       |       |    71 |   260 ||   331
       Skin              |       |       |     9 |    48 ||    57
       Leather armour    |       |       |     7 |       ||     7
Dodge: Dodged            |   120 |   191 |   183 |   508 ||  1002
Block: Buckler           |       |       |    58 |   193 ||   251
       Rpst.: Scimitar   |       |       |    47 |   151 ||   198
